 Dungeon Crawl Stone Soup version 0.29-a0-817-g9904bce7a6 (webtiles) character file.

Game seed: 18403478719987540612

275 zeratav the Shooter (level 6, -3/30 HPs)
             Began as a Spriggan Hunter on July 5, 2022.
             Slain by a bullfrog (6 damage)
             ... in a sewer.
             The game lasted 00:04:34 (3405 turns).

zeratav the Shooter (Spriggan Hunter)               Turns: 3405, Time: 00:04:34

Health: -3/30      AC:  3    Str:  7    XL:     6   Next: 3%
Magic:  7/7        EV: 18    Int: 11    God:
Gold:   146        SH:  0    Dex: 20    Spells: 5/5 levels left

rFire   . . .      SeeInvis +   a - +0 shortbow {bow}
rCold   . . .      Faith    .   (shield currently unavailable)
rNeg    . . .      Spirit   .   c - +0 robe
rPois   +          Reflect  .   (helmet restricted)
rElec   .          Harm     .   r - +0 cloak
rCorr   .          Rampage  .   (gloves unavailable)
Will    +....                   (boots unavailable)
Stlth   +.........              (no amulet)
HPRegen 0.10/turn               d - ring of poison resistance
MPRegen 0.10/turn               (no ring)

@: slow
A: very small, no large weapons, unfitting armour, see invisible, speed 3
a: no special abilities


You were in a sewer.
You visited 1 branch of the dungeon, and saw 3 of its levels.
You also visited: Sewer.

You collected 146 gold pieces.


Innate Abilities, Weirdness & Mutations

You are very small and have problems with some larger weapons.
You are too small for most types of armour.
You have supernaturally acute eyesight. (SInv)
You cover ground extremely quickly. (Speed+++)


   Skills:
 - Level 1.5 Fighting
 + Level 7.3 Ranged Weapons
 - Level 2.6 Dodging
 - Level 1.5 Stealth


You had 5 spell levels left.
You didn't know any spells.
Your spell library contained the following spells:

 Spells                   Type           Power      Damage    Failure   Level
 Magic Dart               Conj           0%         1d3       34%         1
 Searing Ray              Conj           0%         2d4       47%         2
 Static Discharge         Conj/Air       0%         3-3/arc   47%         2
 Fulminant Prism          Conj/Hex       0%         3d6       98%         4
 Lightning Bolt           Conj/Air       0%         1d11      100%        5
 Maxwell's Capacitive Co  Air            0%         ∞         100%        8

Inventory:

Hand Weapons
 a - a +0 shortbow (weapon) {bow}
Armour
 c - a +0 robe (worn)
 r - a +0 cloak (worn)
   (You took it off Crazy Yiuf on level 2 of the Dungeon)
Jewellery
 d - a ring of poison resistance (left hand)
   (You found it on level 1 of the Dungeon)
Scrolls
 g - 4 scrolls of identify {unknown}
 h - a scroll of noise {unknown}
 l - 4 scrolls of teleportation {unknown}
 m - a scroll of fog {unknown}
Potions
 b - a potion of mutation {unknown}
 e - a potion of resistance {unknown}
 i - a potion of curing {unknown}
 j - a potion of might {unknown}
 k - a potion of flight {unknown}
 n - 2 potions of degeneration {unknown}
 o - a potion of attraction {unknown}
 s - a potion of brilliance {unknown}

Dungeon Overview and Level Annotations

Branches:
Dungeon (3/15) Zot: 15559   Sewer (1/1) Zot: 5544

Altars:

Shops:
D:1 [

Annotations:
D:3 Sigmund

####.≈.≈≈≈≈.≈≈≈.≈≈.≈.
##≈≈≈≈.≈≈#########..≈≈
##.≈≈"≈####≈≈..≈≈.####≈
##≈≈.≈###≈≈≈≈≈≈≈≈≈≈.≈≈##
#≈≈≈.##≈.≈≈≈#######≈≈≈≈≈
##≈.≈##≈.≈≈### ###≈.≈
#≈≈≈.#.≈≈≈##
≈≈≈≈≈≈≈≈##≈. #.††##≈≈†##
≈≈≈...≈≈≈##≈ #≈≈≈#≈≈≈@#
.≈.([$.≈.≈#≈ #≈.≈#..FF#
≈≈≈.?/?.≈≈#≈ #≈≈≈#≈≈≈S#
≈.≈≈≈$≈≈≈≈#≈ #..≈##.≈≈##
≈≈.≈≈≈.≈≈≈#≈
#.≈≈.#≈.≈S##
≈≈≈≈≈S.S≈≈#.
##≈≈.##.≈≈.### #.≈##≈
#≈≈≈†##≈≈.S≈#######.≈#.≈
##≈≈.≈###≈≈.≈≈S.≈BS.##..
##≈.≈≈≈####S≈≈≈≈S..#.≈†


You could see 2 bullfrogs and 2 ball pythons.


Message History

No target in view!
No target in view!
No target in view!
No target in view!
No target in view!
No target in view!
No target in view!
A bullfrog, a ball python and a giant cockroach come into view.
A frilled lizard comes into view.
You shoot an arrow.
The arrow completely misses the frilled lizard.
The ball python hisses angrily.
The frilled lizard hisses angrily.
The arrow hits the giant cockroach but does no damage.
You hear an angry hiss.
The bullfrog croaks.
A ball python comes into view.
A quokka comes into view.
The ball python moves out of view.
You shoot an arrow. The arrow hits the quokka.
A bullfrog comes into view.
The quokka misses you. x2
You shoot an arrow. The arrow closely misses the quokka.
The arrow closely misses the bullfrog.
The bullfrog gives a loud, deep croak!
The quokka completely misses you. The frilled lizard barely misses you.
You shoot an arrow. The arrow hits the quokka.
You kill the quokka!
The bullfrog barely misses you. The frilled lizard barely misses you.
You shoot an arrow. The arrow misses the bullfrog.
The bullfrog completely misses you. The bullfrog hits you.
The bullfrog hits you! The frilled lizard misses you.
The bullfrog hits you but does no damage.
You shoot an arrow. The arrow hits the bullfrog.
The bullfrog hits you!
* * * LOW HITPOINT WARNING * * *
The bullfrog closely misses you.
The frilled lizard completely misses you.
The bullfrog hits you.
* * * LOW HITPOINT WARNING * * *
You are too injured to fight recklessly!
You are too injured to fight recklessly!
You are too injured to fight recklessly!
You are too injured to fight recklessly!
You are too injured to fight recklessly!
You are too injured to fight recklessly!
You are too injured to fight recklessly!
You are too injured to fight recklessly!
HP[-18]
You take 18 damage, and now have 12/30 hp.
MASSIVE DAMAGE!! (PAUSE)
You are too injured to fight recklessly!
You are too injured to fight recklessly!
You are too injured to fight recklessly!
You are too injured to fight recklessly!
You enter the shallow water.
Moving in this stuff is going to be slow.
The bullfrog closely misses you. The bullfrog hits you.
* * * LOW HITPOINT WARNING * * *
HP[-2]
You take 2 damage, and now have 10/30 hp.
Fire: a) +0 shortbow {bow}
Press: ? - help, Q - select action Shift-Dir - straight line, f/p - bullfrog
Aim: a bullfrog (lightly wounded, 59% to hit)
You shoot an arrow. The arrow hits the bullfrog!
The bullfrog completely misses you. The bullfrog hits you.
* * * LOW HITPOINT WARNING * * *
The bullfrog misses you.
HP[-2]
You take 2 damage, and now have 8/30 hp.
Fire: a) +0 shortbow {bow}
Press: ? - help, Q - select action Shift-Dir - straight line, f/p - bullfrog
Aim: a bullfrog (heavily wounded, 59% to hit)
You shoot an arrow. The arrow hits the bullfrog.
The bullfrog closely misses you. The bullfrog hits you.
* * * LOW HITPOINT WARNING * * *
The bullfrog completely misses you. The bullfrog hits you.
* * * LOW HITPOINT WARNING * * *
HP[-4]
You take 4 damage, and now have 4/30 hp.
Fire: a) +0 shortbow {bow}
Press: ? - help, Q - select action Shift-Dir - straight line, f/p - bullfrog
Aim: a bullfrog (heavily wounded, 59% to hit)
You shoot an arrow. The arrow barely misses the bullfrog.
The arrow hits the frilled lizard.
You kill the frilled lizard!
The bullfrog hits you.
* * * LOW HITPOINT WARNING * * *
The bullfrog barely misses you. The bullfrog closely misses you.
HP[-2]
You take 2 damage, and now have 2/30 hp.
Blink to where?
Press: ? - help, Q - select action, (/) - cycle Dir - move target, p - bullfrog Splash!
You fall into the shallow water.
Moving in this stuff is going to be slow.
As you read the scroll of blinking {!r}, it crumbles to dust.
The bullfrog closely misses you. The bullfrog completely misses you.
HP[+1]
The bullfrog completely misses you. The bullfrog barely misses you.
The bullfrog attacks as you move away! The bullfrog barely misses you.
The bullfrog attacks as you move away! The bullfrog hits you.
You die...

Skill      XL: |  1  2  3  4  5 |
---------------+----------------+-----
Ranged Weapons | 5 6 7 |  7.3
Fighting       | |  1.5
Dodging        | |  2.6
Stealth        | |  1.5

Action                   |  1- 3 |  4- 6 || total
-------------------------+-------+-------++-------
 Fire: Shortbow          |   123 |   182 ||   305
  Use: Scroll            |       |     2 ||     2
Armor: Robe              |     7 |    11 ||    18
Dodge: Dodged            |    36 |    99 ||   135

Levels and vault maps discovered:
D:1:      giann_bridges, layout_basic, serial_shops,
          nicolae_shop_advertising_works [nicolae_subvault_shop_adworks]
D:2:      layout_loops_ring, hellmonk_ecumenical_altar_dog_temple, uniq_jessica,
          uniq_terence, uniq_crazy_yiuf_cottage
D:3:      layout_loops_ring, hellmonk_ghost_happy_afterlife,
          cheibrodos_sewer_entry_drain, kennysheep_another_room, uniq_sigmund,
          uniq_ijyb, uniq_natasha
Sewer:    sewer_frog_island_02

Notes
Turn   | Place    | Note
-------+----------+-------------------------------------------
     0 | D:1      | zeratav the Spriggan Hunter began the quest for the Orb.
     0 | D:1      | Reached XP level 1. HP: 10/10 MP: 2/2
     0 | D:1      | magus.rc [v1.9.6]
   324 | D:1      | Found Qiecyron's Antique Armour Boutique.
   337 | D:1      | Reached XP level 2. HP: 14/14 MP: 3/3
   358 | D:1      | You pick up a book of Conjurations {@e2} and begin
                  | reading...
   358 | D:1      | You add the spells Magic Dart, Searing Ray and Fulminant
                  | Prism to your library.
   838 | D:1      | Reached skill level 5 in Ranged Weapons
   841 | D:1      | Reached XP level 3. HP: 18/18 MP: 4/4
  1814 | D:2      | Found a runed translucent door.
  1815 | D:2      | Noticed Crazy Yiuf
  2074 | D:2      | Noticed Jessica
  2074 | D:2      | Noticed Terence
  2079 | D:2      | Killed Jessica
  2080 | D:2      | Reached XP level 4. HP: 22/22 MP: 5/5
  2139 | D:2      | Killed Terence
  2140 | D:2      | Reached skill level 6 in Ranged Weapons
  2183 | D:2      | Found a faded altar of an unknown god.
  2211 | D:2      | You pick up a book of Lightning and begin reading...
  2211 | D:2      | You add the spells Static Discharge, Lightning Bolt and
                  | Maxwell's Capacitive Coupling to your library.
  2348 | D:2      | Killed Crazy Yiuf
  2349 | D:2      | Reached XP level 5. HP: 25/25 MP: 6/6
  2459 | D:3      | Noticed Ijyb
  2459 | D:3      | Noticed Sigmund
  2462 | D:3      | Paralysed by Ijyb for 5 turns
  2494 | D:2      | Paralysed by Ijyb for 2 turns
  2512 | D:2      | HP: 4/25 [Ijyb/+0 dagger (3)]
  2514 | D:2      | Killed Ijyb
  2851 | D:3      | Found a glowing drain.
  2953 | Sewer    | Entered a sewer
  3127 | Sewer    | Reached skill level 7 in Ranged Weapons
  3355 | Sewer    | Reached XP level 6. HP: 29/30 MP: 7/7
  3397 | Sewer    | HP: 7/30 [bullfrog (1)]
  3398 | Sewer    | HP: 2/30 [bullfrog (2)]
  3405 | Sewer    | Slain by a bullfrog

Vanquished Creatures
  Crazy Yiuf (D:2)
  Jessica (D:2)
  Ijyb (D:2)
  Terence (D:2)
  6 adders
  2 worms
  2 dart slugs (D:1)
  A bat (D:2)
  13 endoplasms
  11 giant cockroaches
  A goblin (D:2)
  10 hobgoblins
  14 jackals
  4 kobolds
  7 quokkas
  8 ball pythons
  11 frilled lizards
  5 rats
99 creatures vanquished.

Table legend:
 A = Non-vault XP
 B = Vault XP
 C = Vault XP percentage of total XP
 D = Non-vault monster count
 E = Vault monster count
 F = Vault count percentage of total count
                 A         B        C        D         E       F
            +---------+---------+-------+---------+---------+-------
      Total |     123 |     271 |  68.8 |      53 |      46 |  46.5
            +---------+---------+-------+---------+---------+-------
        D:1 |      48 |       0 |   0.0 |      24 |       0 |   0.0
        D:2 |      48 |     157 |  76.6 |      21 |       8 |  27.6
        D:3 |      27 |       6 |  18.2 |       8 |       2 |  20.0
      Sewer |       0 |     108 | 100.0 |       0 |      36 | 100.0
            +---------+---------+-------+---------+---------+-------

Illustrated notes

Table legend:
 A = Kills in this place as a percentage of kills in entire the game.
 B = Kills by you in this place as a percentage of kills by you in the entire game.
 C = Kills by friends in this place as a percentage of kills by friends in the entire game.
 D = Other kills in this place as a percentage of other kills in the entire game.
 E = Experience gained in this place as a percentage of experience gained in the entire game.
 F = Experience gained in this place divided by the number of levels of this place that you have seen.
                   A       B       C       D       E      F
               +-------+-------+-------+-------+-------+----------------------
         Total | 100.0 | 100.0 |   N/A |   N/A | 100.0 |  98.5
       Dungeon |  63.6 |  63.6 |   N/A |   N/A |  72.6 |  95.3
         Sewer |  36.4 |  36.4 |   N/A |   N/A |  27.4 | 108.0
               +-------+-------+-------+-------+-------+----------------------

Table legend: (Time is in decaauts)
 A = Elapsed time spent in this place.
 B = Non-inter-level travel time spent in this place.
 C = Inter-level travel time spent in this place.
 D = Time resting spent in this place.
 E = Time spent auto-exploring this place.
 F = Levels seen in this place.
 G = Mean time per level.
                   A        B        C        D        E       F      G
               +--------+--------+--------+--------+--------+-----+--------+
         Total |   2895 |   2831 |     64 |    890 |   1363 |   4 |  723.8 |
       Dungeon |   2440 |   2376 |     64 |    890 |   1056 |   3 |  813.3 |
         Sewer |    455 |    455 |      0 |      0 |    307 |   1 |  455.0 |
               +--------+--------+--------+--------+--------+-----+--------+

Top non-repeatable levels by time:
     D:2: 1193 daAuts
     D:1: 1079 daAuts
   Sewer: 455 daAuts
     D:3: 167 daAuts
